 Dungeon Crawl Stone Soup version 0.24-a0-11-g46ee55f (webtiles) character file.

Game seed: 5848351216493934753

556569 Firecrotchwizard the Slayer (level 26, -30/189 HPs)
             Began as a Gargoyle Gladiator on Jan 31, 2019.
             Was the Champion of Okawaru.
             Killed from afar by a white draconian knight (34 damage)
             ... with a shard of ice
             ... on level 1 of the Realm of Zot.
             The game lasted 02:29:48 (52755 turns).

Firecrotchwizard the Slayer (Gargoyle Gladiator)   Turns: 52755, Time: 02:29:48

Health: -30/189    AC: 64    Str: 34    XL:     26   Next: 49%
Magic:  35/35      EV: 20    Int: 12    God:    Okawaru [******]
Gold:   3298       SH:  0    Dex: 14    Spells: 39/41 levels left

rFire    + . .     SeeInvis +   a - +8 lajatang (freeze) {!w}
rCold    + . .     Gourm    .   (shield currently unavailable)
rNeg     + . .     Faith    .   X - +8 gold dragon scales (curse)
rPois    ∞         Spirit   .   q - +1 helmet of Immorality {MR+++}
rElec    +         Reflect  .   C - scarf {repulsion}
rCorr    +         Harm     .   M - +0 pair of gloves "Ofotot" {+Inv Regen+ Str+3}
MR       ++++.                  Q - +2 pair of boots {run}
Stlth    ..........             S - amulet of regeneration {+regen, !d}
HPRegen  1.21/turn              y - ring "Umieghoani" {rCorr Str+4 Dex+3 SInv}
MPRegen  0.24/turn              T - +2 ring of slaying

@: heroism, flying, repel missiles, quick
A: big wings, negative energy resistance 1, electricity resistance, wild magic
1, unbreathing, petrification resistance, rot immunity, MP-powered wands, AC +20
}: 3/15 runes: serpentine, barnacled, silver
a: Stop Flying, Heroism, Finesse, Renounce Religion, Evoke Invisibility


You were on level 1 of the Realm of Zot.
You worshipped Okawaru.
Okawaru was exalted by your worship.
You were not hungry.

You visited 10 branches of the dungeon, and saw 44 of its levels.
You visited 1 bazaar.
You also visited: Trove, Sewer, Gauntlet, Volcano and Wizlab.

You collected 6744 gold pieces.
You spent 3446 gold pieces at shops.

Inventory:

Hand Weapons
 a - a +8 lajatang of freezing (weapon) {!w}
   (Okawaru gifted it to you in a volcano)
 b - a +3 arbalest of freezing
   (Okawaru gifted it to you on level 12 of the Dungeon)
Missiles
 d - 19 throwing nets {=f, !d}
 v - 2119 bolts
Armour
 q - the +1 helmet of Immorality (worn) {MR+++}
   (You found it in a treasure trove)

   It affects your resistance to hostile enchantments.
 C - a scarf of repulsion (worn)
   (You found it on level 9 of the Dungeon)
 G - the +3 pair of gauntlets of War {Slay+5}
   (You found it in a treasure trove)

   It affects your accuracy and damage with ranged weapons and melee attacks
   (+5).
 M - the +0 pair of gloves "Ofotot" (worn) {+Inv Regen+ Str+3}
   (You found it in a treasure trove)

   It affects your strength (+3).
   It lets you turn invisible.
   It increases your rate of regeneration.
 Q - a +2 pair of boots of running (worn)
   (You found it in a Gauntlet)
 X - cursed +8 gold dragon scales (worn)
   (You found it in a wizard's laboratory)
Jewellery
 h - an uncursed ring of fire {rF+, rC-}
   (You found it on level 3 of the Snake Pit)
 n - the ring of the Mage {Wiz MR++ Int+3}
   (You took it off a yaktaur captain on level 5 of the Vaults)

   [ring of wizardry]

   It improves your spell success rate.
   It affects your intelligence (+3).
   It affects your resistance to hostile enchantments.
 y - the ring "Umieghoani" (left hand) {rCorr Str+4 Dex+3 SInv}
   (You bought it in a shop on level 1 of the Depths)

   [ring of resist corrosion]

   It affects your strength (+4).
   It affects your dexterity (+3).
   It lets you see invisible.
 F - an uncursed ring of protection from cold {rC+, !d}
   (You found it on level 14 of the Dungeon)
 S - an amulet of regeneration (around neck) {+regen, !d}
   (You bought it in a shop on level 1 of the Depths)
 T - a +2 ring of slaying (right hand)
   (You bought it in a shop on level 2 of the Orcish Mines)
Wands
 c - a wand of flame (11)
   (You took it off a crimson imp on level 4 of the Depths)
 r - a wand of polymorph (14)
   (You found it on level 3 of the Depths)
 w - a wand of clouds (3)
   (You took it off a vampire mage on level 5 of the Depths)
 z - a wand of acid (25)
   (You found it on level 2 of the Snake Pit)
 I - a wand of disintegration (33)
   (You found it on level 2 of the Depths)
 Z - a wand of digging (8)
   (You found it on level 5 of the Lair of Beasts)
Scrolls
 g - 25 scrolls of remove curse
 l - 14 scrolls of identify
 o - 20 scrolls of teleportation
 t - 5 scrolls of magic mapping {!r}
 u - 9 scrolls of immolation {!r}
 x - 4 scrolls of fog
 L - 2 scrolls of holy word {!r}
Potions
 e - 7 potions of lignification {!q}
 i - 6 potions of mutation {!q}
 j - a potion of cancellation
 k - 2 potions of invisibility
 m - 4 potions of might
 p - 20 potions of curing
 s - 2 potions of ambrosia
 A - 7 potions of haste
 H - 4 potions of berserk rage {!q}
 N - 3 potions of magic
 P - 3 potions of resistance
 V - 6 potions of brilliance
 W - 3 potions of heal wounds
 Y - 4 potions of agility
Miscellaneous
 B - a crystal ball of energy
   (You found it on level 15 of the Dungeon)
 D - a phial of floods
   (You found it on level 10 of the Dungeon)
 J - 3 phantom mirrors
 O - 2 boxes of beasts
 R - a lightning rod (4/4)
   (You found it in a Gauntlet)
 U - a fan of gales
   (You found it on level 3 of the Shoals)
Comestibles
 f - 58 rations
 K - 8 chunks of flesh {@w0}


   Skills:
 + Level 25.9(27) Fighting
 - Level 14.6(19.6) Staves
 + Level 15.8(20.8) Crossbows
 - Level 1.8(6.8) Throwing
 + Level 21.7(26.7) Armour
 - Level 16.4(21.4) Dodging
 - Level 8.0 Spellcasting
 - Level 8.1 Translocations
 - Level 10.1 Invocations


You had 39 spell levels left.
You knew the following spells:

 Your Spells              Type           Power        Failure   Level  Hunger
b - Blink                 Tloc           N/A          6%          2    #......

Your spell library contained the following spells:

 Spells                   Type           Power        Failure   Level  Hunger
 Apportation              Tloc           ####..       4%          1    None
 Gell's Gravitas          Tloc           ####......   11%         3    ##.....
 Lesser Beckoning         Tloc           ####......   11%         3    ##.....
 Teleport Other           Tloc           ####....     11%         3    ##.....
 Shroud of Golubria       Chrm/Tloc      ###.......   26%         2    #......
 Recall                   Summ/Tloc      N/A          45%         3    ##.....
 Animate Skeleton         Necr           N/A          63%         1    None
 Beastly Appendage        Tmut           #.....       63%         1    None
 Confusing Touch          Hex            #.....       63%         1    None
 Flame Tongue             Conj/Fire      #....        63%         1    None
 Magic Dart               Conj           #...         63%         1    None
 Sting                    Conj/Pois      #...         63%         1    None
 Summon Butterflies       Summ           #.......     63%         1    None
 Summon Small Mammal      Summ           #...         63%         1    None
 Call Imp                 Summ           #.......     77%         2    #......
 Corpse Rot               Necr           N/A          77%         2    #......
 Poisonous Vapours        Pois/Air       #.....       77%         2    #......
 Searing Ray              Conj           #.....       77%         2    #......
 Slow                     Hex            #.......     77%         2    #......
 Sticks to Snakes         Tmut           #.......     77%         2    #......
 Throw Flame              Conj/Fire      #.....       77%         2    #......
 Force Lance              Conj/Tloc      ###.....     83%         4    ####...
 Confuse                  Hex            #.......     93%         3    ##.....
 Conjure Flame            Conj/Fire      #.......     93%         3    ##.....
 Dazzling Spray           Conj/Hex       #.....       93%         3    ##.....
 Ignite Poison            Fire/Tmut/Pois #.......     93%         3    ##.....
 Inner Flame              Hex/Fire       #.......     93%         3    ##.....
 Mephitic Cloud           Conj/Pois/Air  #.......     93%         3    ##.....
 Spider Form              Tmut/Pois      #.........   93%         3    ##.....
 Stone Arrow              Conj/Erth      #.....       93%         3    ##.....
 Tukima's Dance           Hex            #.......     93%         3    ##.....
 Summon Forest            Summ/Tloc      ###.......   99%         5    ######.
 Dispersal                Tloc           ####......   99%         6    #######
 Cause Fear               Hex            #.........   100%        4    ####...
 Fulminant Prism          Conj/Hex       #.........   100%        4    ####...
 Ice Form                 Ice/Tmut       #.......     100%        4    ####...
 Iskenderun's Mystic Bla  Conj           #.......     100%        4    ####...
 Leda's Liquefaction      Hex/Erth       #.........   100%        4    ####...
 Olgreb's Toxic Radiance  Pois           #.......     100%        4    ####...
 Petrify                  Tmut/Erth      #.......     100%        4    ####...
 Sticky Flame             Conj/Fire      #.......     100%        4    ####...
 Alistair's Intoxication  Tmut/Pois      #.......     100%        5    ######.
 Aura of Abjuration       Summ           #.........   100%        5    ######.
 Blade Hands              Tmut           #.........   100%        5    ######.
 Bolt of Magma            Conj/Fire/Erth #.........   100%        5    ######.
 Fireball                 Conj/Fire      #.........   100%        5    ######.
 Irradiate                Conj/Tmut      #.........   100%        5    ######.
 Metabolic Englaciation   Hex/Ice        #.........   100%        5    ######.
 Silence                  Hex/Air        #.........   100%        5    ######.
 Summon Demon             Summ           #.........   100%        5    ######.
 Summon Mana Viper        Hex/Summ       #.......     100%        5    ######.
 Venom Bolt               Conj/Pois      #.........   100%        5    ######.
 Yara's Violent Unravell  Hex/Tmut       #.........   100%        5    ######.
 Bolt of Fire             Conj/Fire      #.........   100%        6    #######
 Deflect Missiles         Chrm/Air       #.........   100%        6    #######
 Freezing Cloud           Conj/Ice/Air   #.........   100%        6    #######
 Hydra Form               Tmut           #.........   100%        6    #######
 Invisibility             Hex            #.......     100%        6    #######
 Iron Shot                Conj/Erth      #.........   100%        6    #######
 Shadow Creatures         Summ           N/A          100%        6    #######
 Dragon Form              Tmut           #.........   100%        7    #######
 Malign Gateway           Summ/Tloc      ###.......   100%        7    #######
 Monstrous Menagerie      Summ           #.........   100%        7    #######
 Ring of Flames           Chrm/Fire      #.........   100%        7    #######
 Summon Greater Demon     Summ           #.........   100%        7    #######
 Summon Hydra             Summ           #.........   100%        7    #######
 Discord                  Hex            #.........   100%        8    #######
 Ignition                 Fire           #.........   100%        8    #######
 Summon Horrible Things   Summ           #.........   100%        8    #######
 Shatter                  Erth           #.........   100%        9    #######
 Statue Form              Tmut/Erth      Unusable     N/A         6    N/A

Dungeon Overview and Level Annotations

Branches:
Dungeon (15/15)            Temple (1/1) D:4            Lair (6/6) D:10
 Shoals (4/4) Lair:4        Snake (4/4) Lair:4        Slime (1/5) Lair:6
    Orc (2/2) D:12            Elf (0/3) Orc:2        Vaults (5/5) D:14
  Crypt (0/3) Vaults:2     Depths (5/5) D:15            Zot (1/5) Depths:5

Altars:
Ashenzari
Cheibriados
Dithmenos
Elyvilon
Fedhas
Gozag
Hepliaklqana
Kikubaaqudgha
Makhleb
Nemelex Xobeh
Okawaru
Qazlal
Ru
Sif Muna
Trog
Uskayaw
Vehumet
Wu Jian
Xom
Yredelemnul
Zin
The Shining One
Beogh
Jiyva

Shops:
D:5 [   D:8 ?   D:10 *?!   Orc:2 (=*[   Snake:2 [}(:   Snake:3 [   Vaults:3 *
Depths:1 }=}

Portals:
Hell: Depths:1 Depths:2 Depths:3 Depths:4 Depths:5
Abyss: Depths:4
Pandemonium: Depths:3
Ziggurat: Depths:4

Annotations:
D:8 3 runed translucent doors
D:10 exclusion: oklob plant
Lair:4 exclusion: 3 oklob plants
Snake:2 1 runed translucent door, Petocuer's ghost, adept OgFi


Innate Abilities, Weirdness & Mutations

You are resistant to torment.
Your stone body is resilient. (AC +20)
You are immune to poison.
Your large and strong wings let you fly indefinitely.
You resist negative energy. (rN+)
You are resistant to electric shocks. (rElec)
You can survive without breathing.
You are immune to petrification.
You are immune to rotting.
Your spells are a little harder to cast, but a little more powerful.
You expend magic power (3 MP) to strengthen your wands.


Message History

* * * LOW HITPOINT WARNING * * *
You resist. The bolt of lightning hits you.
* * * LOW HITPOINT WARNING * * *
You take 4 damage, and have 25/189 hp.
You slash the purple draconian scorcher!
You freeze the purple draconian scorcher.
The purple draconian scorcher barely misses you.
The white draconian knight casts a spell at you.
The shard of ice hits you but does no damage.
You cut the purple draconian scorcher into ribbons!!!
The purple draconian scorcher seems to slow down.
You freeze the purple draconian scorcher.
You kill the purple draconian scorcher!
Okawaru accepts your kill.
Your hands slow down.
You miss the black draconian monk.
The black draconian monk closely misses you.
The black draconian monk kicks you but does no damage.
The black draconian monk tail-slaps you but does no damage.
The white draconian knight casts a spell at you.
The bolt of cold hits you but does no damage.
You closely miss the black draconian monk.
The black draconian monk hits you.
* * * LOW HITPOINT WARNING * * *
The black draconian monk kicks you.
* * * LOW HITPOINT WARNING * * *
The black draconian monk tail-slaps you.
* * * LOW HITPOINT WARNING * * *
You take 16 damage, and have 11/189 hp.
You barely miss the black draconian monk.
The white draconian knight casts a spell.
The white draconian knight seems to speed up.
A yellow draconian monk comes into view.
The black draconian monk hits you but does no damage.
The black draconian monk kicks you but does no damage.
The black draconian monk tail-slaps you but does no damage.
You chop the black draconian monk into pieces!!!
You freeze the black draconian monk!!
You hear a roar!
The white draconian knight hits you but does no damage.
You chop the black draconian monk into pieces!!!
The black draconian monk seems to slow down.
You freeze the black draconian monk!
You kill the black draconian monk!
Okawaru accepts your kill.
The white draconian knight closely misses you.
You hit the white draconian knight but do no damage.
The white draconian knight hits you but does no damage.
You slash the white draconian knight!
A red draconian comes into view. It is wielding a +0 scimitar.
You barely miss the white draconian knight.
The white draconian knight hits you but does no damage.
The yellow draconian monk throws acid at you.
The glob of acid misses you.
You hit the white draconian knight but do no damage.
The yellow draconian monk hits you but does no damage.
The yellow draconian monk closely misses you.
The yellow draconian monk tail-slaps you.
* * * LOW HITPOINT WARNING * * *
You take 1 damage, and have 15/189 hp.
Your gold dragon scales prevents you from hitting the yellow draconian monk.
The white draconian knight barely misses you.
You carve the yellow draconian monk like a ham!!!
You freeze the yellow draconian monk.
The yellow draconian monk throws acid at you.
The glob of acid hits you but does no damage.
You are splashed with acid.
You resist.
* * * LOW HITPOINT WARNING * * *
The white draconian knight hits you but does no damage.
The red draconian hits you but does no damage.
You take 5 damage, and have 10/189 hp.
You hit the yellow draconian monk but do no damage.
The white draconian knight closely misses you.
The yellow draconian monk barely misses you.
The yellow draconian monk kicks you but does no damage.
The yellow draconian monk tail-slaps you but does no damage.
You closely miss the yellow draconian monk.
The red draconian breathes flames at you.
The searing blast misses you.
The white draconian knight hits you but does no damage.
You completely miss the yellow draconian monk.
You are engulfed in blazing flames.
You resist.
The yellow draconian monk hits you but does no damage.
The yellow draconian monk kicks you but does no damage.
The yellow draconian monk tail-slaps you but does no damage.
The red draconian hits you but does no damage.
You closely miss the yellow draconian monk.
You are engulfed in blazing flames.
You resist.
* * * LOW HITPOINT WARNING * * *
The white draconian knight hits you but does no damage.
The yellow draconian monk hits you but does no damage.
The yellow draconian monk misses you.
The yellow draconian monk barely misses you.
You take 6 damage, and have 7/189 hp.
You slash the yellow draconian monk! You freeze the yellow draconian monk.
You are engulfed in blazing flames.
You resist.
* * * LOW HITPOINT WARNING * * *
The white draconian knight points at you and mumbles some strange words.
You partially resist. The shard of ice hits you!!
You die...

#. #..##..# #..
#..##..# .......
#..##..##..# ..)....
......##..# .......
....##..# .......
#..##..# ....... ..#
#..##..# ....... ..#
#......###)...... ..#
#......^#@q...... ..#
#..###..)qd#.....
..######...###...##
###
..##..###...###...#
..##...###...###.%..
..###...###...###.....
...#.....###...#######
#.....#...###...###
##...###..)#.)....#


You could see a yellow draconian monk, a white draconian knight and a red
draconian.

Vanquished Creatures
  Mennas (Vaults:2)
  An ancient lich (WizLab)
  Sojobo (Vaults:4)
  Saint Roka (Vaults:2)
  A golden dragon (Depths:5)
  A bone dragon (Depths:5)
  2 liches
  7 tentacled monstrosities
  Asterion (Vaults:2)
  6 titans
  A quicksilver dragon (Zot:1)
  5 acid blobs (Slime:1)
  Polyphemus (Shoals:4)
  5 sphinxes
  2 krakens
  14 tengu reavers
  4 shadow dragons
  4 draconian monks
  11 storm dragons
  14 fire giants
  8 nagarajas (Snake:4)
  19 frost giants
  3 deep elf sorcerers
  2 draconian scorchers (Zot:1)
  2 iron dragons (Vaults:5)
  24 vault wardens
  2 draconian knights
  An orc warlord (Orc:2)
  A ghoul (Vaults:4)
  A draconian annihilator (Zot:1)
  3 deep elf elementalists (Vaults:5)
  A draconian stormcaller (Zot:1)
  A spriggan defender (Depths:4)
  A draconian shifter (Zot:1)
  17 ironheart preservers
  33 stone giants
  2 war gargoyles (Vaults:5)
  11 very ugly things
  2 vampire knights
  2 entropy weavers
  6 green draconians
  2 black draconians
  3 red draconians
  A deep elf annihilator (Depths:2)
  3 white draconians (Zot:1)
  A minotaur (Gauntlet)
  A purple draconian (Depths:5)
  2 yellow draconians
  8 spark wasps
  A deep elf death mage (Vaults:4)
  Josephine (Shoals:1)
  A blizzard demon (Depths:3)
  8 merfolk javelineers
  8 ettins
  13 fire dragons
  4 deep elf high priests
  11 merfolk impalers
  4 jiangshi
  18 yaktaur captains
  7 ice dragons
  33 vault guards
  16 hydras
  7 rakshasas
  10 great orbs of eyes
  Fannar (Lair:2)
  The ghost of demenzo the Nimble, a journeyman FeVM of Wu Jian (Shoals:2)
  13 naga warriors
  Harold (D:11)
  Erica (D:11)
  2 peacekeepers (Vaults:3)
  A spriggan air mage (Depths:2)
  4 merfolk aquamancers
  3 catoblepae
  9 anacondas
  A merfolk avatar (Shoals:4)
  13 centaur warriors
  79 two-headed ogres
  A two-headed ogre (shapeshifter) (Vaults:5)
  An alligator snapping turtle (Shoals:3)
  4 death knights
  9 deep troll shamans
  A satyr (Shoals:4)
  9 death yaks
  22 ogre magi
  11 naga sharpshooters
  6 deep troll earth magi
  3 spriggans
  6 shock serpents
  11 tengu warriors
  6 spriggan berserkers
  3 vampire magi
  4 orc high priests (Orc:2)
  4 deep elf knights
  3 skeletal warriors (D:15)
  A hell knight (Volcano)
  6 iron trolls
  A soul eater (Depths:3)
  A shadow wraith (Vaults:5)
  The ghost of CHODE the Skirmisher, a novice DsGl of Ru (D:7)
  A death drake (shapeshifter) (Vaults:5)
  13 sea snakes
  7 salamander mystics
  2 unseen horrors
  2 flayed ghosts
  8 naga ritualists
  32 deep trolls
  2 wizards
  2 shadow dragon zombies
  4 glowing orange brains
  21 orc knights
  9 phantasmal warriors
  2 deep elf archers
  13 harpies
  2 necromancers
  17 ironbrand convokers
  2 lindwurms
  51 ugly things
  12 mana vipers
  7 deep elf magi
  An orb spider (shapeshifter) (Vaults:4)
  12 fauns
  A wolf spider (Vaults:2)
  A fire giant skeleton (D:15)
  2 salamanders (shapeshifter)
  17 salamanders
  9 cyclopes
  3 moths of wrath
  6 orc sorcerers
  A cyclops (shapeshifter) (Vaults:3)
  29 manticores
  A shining eye (Slime:1)
  3 elephants (Lair:4)
  A manticore (shapeshifter) (Vaults:1)
  43 black mambas
  A frost giant skeleton (Depths:2)
  25 naga magi
  10 merfolk sirens
  10 guardian serpents
  A black mamba (shapeshifter) (Vaults:2)
  4 water nymphs
  6 gargoyles
  Joseph (D:15)
  17 vault sentinels
  11 spiny frogs
  An eye of devastation (shapeshifter) (Vaults:5)
  4 molten gargoyles
  A komodo dragon (shapeshifter) (Vaults:4)
  A centaur skeleton (D:14)
  3 rime drakes
  6 freezing wraiths
  An ice statue (Gauntlet)
  A kobold demonologist (D:14)
  8 komodo dragons
  4 tengu conjurers
  A guardian mummy (WizLab)
  A red devil (Depths:3)
  43 yaktaurs
  An ice devil (Depths:3)
  9 trolls
  36 merfolk
  A troll (shapeshifter) (Vaults:3)
  2 jumping spiders (shapeshifter)
  A merfolk (shapeshifter) (Depths:3)
  3 meliai (D:14)
  A polar bear (Lair:5)
  10 wind drakes
  A harpy skeleton (D:14)
  30 slime creatures
  A raiju (shapeshifter) (Vaults:4)
  3 snapping turtles
  20 blink frogs
  8 hippogriffs
  5 hornets
  A fire giant simulacrum (Vaults:1)
  2 fire dragon zombies (D:15)
  5 dream sheep (Lair:4)
  A redback (Vaults:1)
  2 shadows
  9 water elementals
  2 vampires (D:14)
  5 wyverns
  10 wraiths
  59 yaks
  A hungry ghost (D:13)
  A golden eye (shapeshifter) (Vaults:5)
  Grum (D:10)
  A ynoxinul (Depths:3)
  4 basilisks
  A steam dragon (D:10)
  2 vampire mosquitoes (D:15)
  A naga (shapeshifter) (Vaults:2)
  A swamp worm (shapeshifter) (Vaults:5)
  7 wargs
  56 nagas
  A soldier ant (shapeshifter) (Depths:2)
  An acid dragon (Vaults:1)
  A soldier ant (D:14)
  11 water moccasins
  A floating eye (shapeshifter) (Vaults:5)
  11 hell hounds
  16 porcupines
  48 orc warriors
  A sky beast (shapeshifter) (Depths:5)
  4 sky beasts
  An ogre (shapeshifter) (Depths:2)
  5 phantoms
  An ice beast (D:14)
  5 black bears
  A spriggan simulacrum (Depths:2)
  43 ogres
  13 wolves
  5 boggarts
  23 centaurs
  9 crocodiles
  4 big kobolds
  A yaktaur zombie (D:15)
  13 bullfrogs
  2 gnoll sergeants (D:7)
  A wyvern skeleton (D:6)
  4 scorpions
  9 wights
  14 killer bees
  An electric eel (Lair:3)
  7 howler monkeys
  9 crimson imps
  A bullfrog zombie (D:12)
  5 lava snakes (Lair:6)
  A human simulacrum (Vaults:1)
  6 hounds
  A quasit (D:11)
  2 jellies
  5 bullfrog skeletons
  5 centaur zombies
  15 orc priests
  17 orc wizards
  Natasha (thrice) (D:2)
  An iguana (D:6)
  8 worker ants
  Terence (D:3)
  4 hell rats
  2 hound skeletons
  A howler monkey zombie (D:5)
  3 gnolls
  14 adders
  2 river rats (Sewer)
  4 shadow imps
  An ooze (D:1)
  An adder zombie (D:8)
  2 adder skeletons (D:5)
  5 worms
  A dart slug (D:1)
  6 leopard geckos
  93 orcs
  9 ball pythons
  7 giant cockroaches
  9 goblins
  12 hobgoblins
  15 jackals
  9 quokkas
  3 bats
  5 frilled lizards
  22 kobolds
  A quokka zombie (D:5)
  10 rats
  2 crawling corpses (Vaults:5)
  3 tentacles (Shoals:4)
2018 creatures vanquished.

Vanquished Creatures (collateral kills)
  Maurice (D:10)
  A steam dragon (Lair:6)
2 creatures vanquished.

Vanquished Creatures (others)
  A tengu reaver (Vaults:5)
  An ogre mage (Vaults:1)
  An unseen horror (shapeshifter) (Vaults:1)
  2 sea snakes (Shoals:4)
  An ironbrand convoker (Vaults:5)
  A wizard (D:5)
  A black mamba (Snake:3)
  A yaktaur (Vaults:2)
  A tengu conjurer (Depths:2)
  A warg (Vaults:2)
  An orc warrior (Vaults:1)
  2 ogres
  An adder (Snake:1)
  2 orcs (Vaults:1)
  23 fungi
  9 plants
  18 tentacles
67 creatures vanquished.

Grand Total: 2087 creatures vanquished

Notes
Turn   | Place    | Note
-------+----------+-------------------------------------------
     0 | D:1      | Firecrotchwizard the Gargoyle Gladiator began the quest for
                  | the Orb.
     0 | D:1      | Reached XP level 1. HP: 12/12 MP: 1/1
   169 | D:1      | Reached XP level 2. HP: 17/18 MP: 2/2
   367 | D:1      | Reached XP level 3. HP: 22/22 MP: 3/3
  1114 | D:2      | Reached XP level 4. HP: 26/27 MP: 4/4
  1122 | D:2      | Noticed Natasha
  1131 | D:2      | Killed Natasha
  1131 | D:2      | Reached skill level 3 in Fighting
  1131 | D:2      | Reached skill level 4 in Staves
  1131 | D:2      | Reached skill level 3 in Dodging
  1192 | D:2      | Noticed Natasha
  1197 | D:2      | Killed Natasha
  1344 | D:2      | Found a faded altar of an unknown god.
  1365 | D:2      | Reached XP level 5. HP: 32/32 MP: 5/5
  1488 | D:2      | Noticed Natasha
  1505 | D:2      | Killed Natasha
  1699 | D:2      | Found a basalt altar of Yredelemnul.
  1893 | D:3      | Noticed Terence
  1909 | D:3      | Killed Terence
  1913 | D:3      | Found a stormy altar of Qazlal.
  2086 | D:3      | Found an ancient bone altar of Kikubaaqudgha.
  2411 | D:3      | Found an ornate altar of the Wu Jian Council.
  2531 | D:4      | Found a glowing drain.
  2541 | Sewer    | Entered a sewer
  2575 | Sewer    | HP: 7/33 [river rat (4)]
  2582 | Sewer    | HP: 6/33 [river rat (2)]
  2585 | Sewer    | Reached skill level 5 in Staves
  2585 | Sewer    | Reached XP level 6. HP: 7/38 MP: 6/6
  2916 | Sewer    | Found a white marble altar of Elyvilon.
  2994 | D:4      | Reached skill level 4 in Fighting
  3264 | D:4      | Reached XP level 7. HP: 44/44 MP: 7/7
  3315 | D:4      | Reached skill level 6 in Staves
  3343 | D:3      | Reached skill level 4 in Dodging
  3619 | D:4      | Reached skill level 5 in Fighting
  3740 | D:4      | Found a staircase to the Ecumenical Temple.
  3749 | Temple   | Entered the Ecumenical Temple
  3958 | Temple   | Became a worshipper of Warmaster Okawaru
  4243 | D:4      | Found a shadowy altar of Dithmenos.
  4629 | D:4      | Reached XP level 8. HP: 47/49 MP: 8/8
  4715 | D:5      | Entered Level 5 of the Dungeon
  4753 | D:5      | Reached skill level 7 in Staves
  4784 | D:5      | Found a bloodstained altar of Trog.
  4785 | D:5      | Noticed a wizard
  4791 | D:5      | Killed a wizard
  4834 | D:5      | Found a sparkling altar of Nemelex Xobeh.
  4861 | D:5      | Found Zapamo's Antique Armour Boutique.
  4873 | D:5      | Bought a pair of boots for 76 gold pieces
  5379 | D:5      | Found a blossoming altar of Fedhas.
  5706 | D:6      | Found a snail-covered altar of Cheibriados.
  5992 | D:6      | You fall through a shaft for 3 floors!
  5992 | D:9      | Found a white marble altar of Elyvilon.
  6013 | D:9      | Reached * piety under Okawaru
  6024 | D:9      | Reached skill level 6 in Fighting
  6024 | D:9      | Reached skill level 8 in Staves
  6024 | D:9      | Reached skill level 5 in Dodging
  6084 | D:9      | Reached skill level 1 in Invocations
  6243 | D:9      | Found a burning altar of Makhleb.
  6316 | D:9      | Reached XP level 9. HP: 55/55 MP: 10/10
  6342 | D:9      | Reached skill level 2 in Invocations
  6452 | D:8      | Found a runed translucent gate.
  6452 | D:8      | Found a runed translucent gate.
  6452 | D:8      | Found a runed translucent gate.
  6452 | D:8      | Noticed a red very ugly thing
  6452 | D:8      | Noticed a brown ugly thing
  6452 | D:8      | Noticed a purple ugly thing
  6452 | D:8      | Noticed a green ugly thing
  6452 | D:8      | Noticed a purple ugly thing
  6452 | D:8      | Noticed a red ugly thing
  6452 | D:8      | Noticed a cyan ugly thing
  6497 | D:7      | Found a transporter.
  6520 | D:7      | Identified the +8 trident of Foolhardiness {pierce, *Drain
                  | rPois MR+++ Str+4}
  6526 | D:7      | Noticed a moth of wrath
  6527 | D:7      | Found a bloodstained altar of Trog.
  6548 | D:7      | Reached ** piety under Okawaru
  6548 | D:7      | Reached skill level 9 in Staves
  6552 | D:7      | Noticed CHODE's ghost (novice DsGl)
  6559 | D:7      | Found a transporter.
  6582 | D:7      | Reached skill level 3 in Invocations
  6598 | D:7      | Reached skill level 7 in Fighting
  6782 | D:7      | Found a hazy altar of Hepliaklqana.
  6997 | D:6      | Found an iron altar of Okawaru.
  7085 | D:6      | Found a basalt altar of Yredelemnul.
  7087 | D:6      | Found a shimmering altar of Xom.
  7087 | D:6      | Found a hazy altar of Hepliaklqana.
  7090 | D:6      | Found a hazy altar of Hepliaklqana.
  7090 | D:6      | Found a deep blue altar of Sif Muna.
  7090 | D:6      | Found a radiant altar of Vehumet.
  7299 | D:7      | Reached skill level 4 in Invocations
  7425 | D:8      | Reached skill level 10 in Staves
  7677 | D:8      | Reached *** piety under Okawaru
  7695 | D:8      | Found a stormy altar of Qazlal.
  7713 | D:8      | Found Her Ytee's Magic Scroll Shop.
  7721 | D:8      | Bought a scroll of teleportation for 45 gold pieces
  7721 | D:8      | Bought a scroll of teleportation for 45 gold pieces
  7860 | D:8      | Found a glowing silver altar of Zin.
  8093 | D:9      | Reached XP level 10. HP: 64/64 MP: 13/13
  8138 | D:9      | Reached skill level 5 in Invocations
  8174 | D:9      | Reached skill level 8 in Fighting
  8290 | D:10     | Entered Level 10 of the Dungeon
  8290 | D:10     | Noticed Grum
  8518 | D:10     | Found Taorheq's Assorted Antiques.
  8535 | D:10     | Bought a steaming cloak for 266 gold pieces
  8545 | D:10     | Identified the +2 cloak "Imigonlueck" {rF+ Int+2} (You
                  | bought it in a shop on level 10 of the Dungeon)
  8599 | D:10     | Found a stormy altar of Qazlal.
  8601 | D:10     | Noticed an oklob plant
  8637 | D:10     | Reached **** piety under Okawaru
  8667 | D:10     | Found a staircase to the Lair.
  8681 | D:10     | Killed Grum
  8681 | D:10     | Reached skill level 11 in Staves
  8712 | D:10     | Killed an unseen horror
  8712 | D:10     | Reached skill level 6 in Invocations
  8727 | D:10     | Reached ***** piety under Okawaru
  8955 | D:10     | Reached skill level 9 in Fighting
  9054 | D:10     | Found Sogooph's Magic Scroll Shoppe.
  9080 | D:10     | Found Suutob's Distillery.
  9333 | D:10     | Noticed Maurice
  9342 | D:10     | Killed Maurice
  9424 | Lair:1   | Entered Level 1 of the Lair of Beasts
  9480 | Lair:1   | HP: 15/66 [blink frog (8)]
  9482 | Lair:1   | Reached XP level 11. HP: 16/71 MP: 13/16
  9488 | Lair:1   | HP: 16/71 [blink frog (1)]
  9497 | Lair:1   | HP: 17/71 [blink frog (1)]
  9499 | Lair:1   | Reached skill level 7 in Invocations
  9784 | Lair:1   | Reached skill level 12 in Staves
 10115 | Lair:1   | Received a gift from Okawaru
 10611 | Lair:2   | Noticed a four-headed hydra
 10619 | Lair:2   | Killed a four-headed hydra
 10619 | Lair:2   | Reached skill level 10 in Fighting
 10762 | Lair:2   | Reached skill level 8 in Invocations
 10813 | Lair:2   | Reached skill level 13 in Staves
 11126 | Lair:2   | Reached XP level 12. HP: 78/78 MP: 18/18
 11149 | Lair:2   | Noticed Fannar
 11185 | Lair:2   | Received a gift from Okawaru
 11198 | Lair:2   | Killed Fannar
 11198 | Lair:2   | Reached skill level 9 in Invocations
 11205 | Lair:2   | Got a transparent quarterstaff {god gift}
 11206 | Lair:2   | Identified the +7 quarterstaff of Extermination {drain,
                  | Fragile rF+ MR+} (Okawaru gifted it to you on level 2 of
                  | the Lair of Beasts)
 11470 | Lair:2   | Reached skill level 11 in Fighting
 11841 | Lair:3   | Reached skill level 14 in Staves
 11962 | Lair:3   | Reached ****** piety under Okawaru
 12184 | Lair:3   | Received a gift from Okawaru
 12199 | Lair:3   | Got a pair of smoking boots {god gift}
 12210 | Lair:3   | Identified the +0 pair of boots "Ypsicoeg" {rPois rC+ rN+
                  | Stlth+} (Okawaru gifted it to you on level 3 of the Lair of
                  | Beasts)
 12320 | Lair:3   | Noticed a seven-headed hydra
 12330 | Lair:3   | Killed a seven-headed hydra
 12383 | Lair:3   | Noticed a seven-headed hydra
 12391 | Lair:3   | Killed a seven-headed hydra
 12499 | Lair:3   | Noticed an eight-headed hydra
 12504 | Lair:3   | Reached skill level 10 in Invocations
 12509 | Lair:3   | Killed an eight-headed hydra
 12868 | Lair:4   | Reached skill level 1 in Armour
 12922 | Lair:4   | Reached skill level 2 in Armour
 12922 | Lair:4   | Reached XP level 13. HP: 75/85 MP: 20/20
 13087 | Lair:4   | Reached skill level 12 in Fighting
 13087 | Lair:4   | Reached skill level 3 in Armour
 13171 | Lair:4   | Found a dark tunnel.
 13205 | Volcano  | Entered a volcano
 13285 | Volcano  | Reached skill level 4 in Armour
 13285 | Volcano  | Reached skill level 6 in Dodging
 13289 | Volcano  | Received a gift from Okawaru
 13396 | Lair:4   | Found a staircase to the Shoals.
 13427 | Lair:4   | Reached skill level 5 in Armour
 13666 | Lair:4   | Found a staircase to the Snake Pit.
 14231 | Lair:5   | Found a gate leading to a gauntlet.
 14240 | Gauntlet | Entered a Gauntlet
 14240 | Gauntlet | Found a runed translucent door.
 14240 | Gauntlet | Found a transporter.
 14240 | Gauntlet | Found a runed translucent door.
 14244 | Gauntlet | Found a transporter.
 14246 | Gauntlet | Found a transporter.
 14262 | Gauntlet | Found a transporter.
 14264 | Gauntlet | Found a transporter.
 14274 | Gauntlet | Found a transporter.
 14275 | Gauntlet | Found the +2 cloak of the Thief {+Fog Slay-2 SInv Stlth+}
 14293 | Gauntlet | Found a transporter.
 14300 | Gauntlet | Found a transporter.
 14309 | Gauntlet | Found a transporter.
 14313 | Gauntlet | Found a runed translucent door.
 14318 | Gauntlet | Found a transporter.
 14318 | Gauntlet | Found a transporter.
 14320 | Gauntlet | Found a transporter.
 14350 | Gauntlet | Found a transporter.
 14399 | Gauntlet | Received a gift from Okawaru
 14577 | Gauntlet | Received a gift from Okawaru
 14630 | Gauntlet | Identified a +0 pair of boots of running (You found it in a
                  | Gauntlet)
 14653 | Gauntlet | Reached skill level 6 in Armour
 14661 | Gauntlet | Reached skill level 7 in Dodging
 14848 | Gauntlet | Noticed a minotaur
 14884 | Gauntlet | Killed a minotaur
 14884 | Gauntlet | Reached skill level 13 in Fighting
 14890 | Gauntlet | Got a fine robe
 14892 | Gauntlet | Identified Xilaal's Collected Works on the Traveller
 15336 | Lair:5   | Received a gift from Okawaru
 15336 | Lair:5   | Reached skill level 7 in Armour
 15340 | Lair:5   | Gained mutation: Your large and strong wings let you fly
                  | indefinitely. [Gargoyle growth]
 15340 | Lair:5   | Reached XP level 14. HP: 75/94 MP: 21/21
 15979 | Lair:6   | Entered Level 6 of the Lair of Beasts
 16202 | Lair:5   | Reached skill level 8 in Dodging
 16380 | Lair:5   | Received a gift from Okawaru
 16380 | Lair:5   | Reached skill level 8 in Armour
 17040 | Lair:6   | Reached skill level 14 in Fighting
 17179 | Lair:6   | Reached skill level 9 in Armour
 17324 | Lair:6   | Found a large runed translucent door.
 17324 | Lair:6   | Found a large runed translucent door.
 17618 | Lair:6   | Found a staircase to the Slime Pits.
 17618 | Lair:6   | Found a viscous altar of Jiyva.
 17950 | Lair:6   | Received a gift from Okawaru
 18194 | D:11     | Noticed Harold
 18204 | D:11     | Killed Harold
 18238 | D:11     | Received a gift from Okawaru
 18267 | D:11     | Got a jewelled hat {god gift}
 18284 | D:11     | Identified the +0 hat "Voson" {+Fly rF+} (Okawaru gifted it
                  | to you on level 11 of the Dungeon)
 18382 | D:11     | Reached skill level 9 in Dodging
 18787 | D:11     | Noticed Erica
 18801 | D:11     | Killed Erica
 18936 | D:11     | Got a transparent leather armour
 19721 | D:12     | Reached skill level 10 in Armour
 19731 | D:12     | Reached XP level 15. HP: 97/101 MP: 22/22
 19971 | D:12     | Found a staircase to the Orcish Mines.
 20028 | D:12     | Received a gift from Okawaru
 20485 | D:13     | Reached skill level 15 in Fighting
 20586 | D:13     | Found a flickering gateway to a bazaar.
 20601 | Bazaar   | Entered a bazaar
 20602 | Bazaar   | Found Anox's Magic Scroll Emporium.
 20611 | Bazaar   | Found Beovaas's Assorted Antiques.
 20616 | Bazaar   | Found Peosur's Food Shop.
 20625 | Bazaar   | Found Faryesue's Food Boutique.
 20655 | Bazaar   | Bought a scroll of blinking for 52 gold pieces
 20655 | Bazaar   | Bought a scroll of enchant weapon for 52 gold pieces
 20655 | Bazaar   | Bought a scroll of acquirement for 364 gold pieces
 21242 | D:13     | Received a gift from Okawaru
 21242 | D:13     | Reached skill level 1 in Crossbows
 21582 | D:14     | Reached skill level 2 in Crossbows
 21683 | D:14     | Reached skill level 3 in Crossbows
 22081 | D:14     | Reached skill level 4 in Crossbows
 22103 | D:14     | Found a gate to the Vaults.
 22269 | Orc:1    | Entered Level 1 of the Orcish Mines
 22311 | Orc:1    | Found a roughly hewn altar of Beogh.
 22394 | Orc:1    | Received a gift from Okawaru
 22714 | Orc:2    | Entered Level 2 of the Orcish Mines
 22714 | Orc:2    | Found Honie's Jewellery Shoppe.
 22714 | Orc:2    | Found Aschiuxeu's General Store.
 22718 | Orc:2    | Noticed an orc warlord
 22886 | Orc:2    | Found a staircase to the Elven Halls.
 22966 | Orc:2    | Received a gift from Okawaru
 22971 | Orc:2    | Reached skill level 5 in Crossbows
 22993 | Orc:2    | Reached skill level 16 in Fighting
 23019 | Orc:2    | Found Uqawy's Antique Weapon Shoppe.
 23026 | Orc:2    | Killed an orc warlord
 23026 | Orc:2    | Received a gift from Okawaru
 23201 | Orc:2    | Reached skill level 6 in Crossbows
 23226 | Orc:2    | Bought a scroll of teleportation for 45 gold pieces
 23267 | Orc:2    | Found Liorphir's Antique Armour Shop.
 23511 | Orc:2    | Bought a +2 ring of slaying for 315 gold pieces
 23668 | Snake:1  | Entered Level 1 of the Snake Pit
 23680 | Snake:1  | Reached XP level 16. HP: 110/110 MP: 20/23
 23784 | Snake:1  | Reached skill level 7 in Crossbows
 24174 | Snake:1  | Identified Ruseux's Reference Book on Curses
 24385 | Snake:2  | Found Coodut's Antique Armour Boutique.
 24397 | Snake:2  | Found Ocogun's Antique Weapon Shop.
 24397 | Snake:2  | Found Duushex's Gadget Boutique.
 24402 | Snake:2  | Found Issig's Book Shop.
 24437 | Snake:2  | Reached skill level 8 in Crossbows
 24511 | Snake:2  | Found a runed translucent gate.
 24511 | Snake:2  | Found a runed translucent gate.
 24511 | Snake:2  | Found a runed translucent gate.
 24543 | Snake:2  | Received a gift from Okawaru
 24543 | Snake:2  | Reached skill level 17 in Fighting
 25288 | Snake:2  | Found a runed translucent door.
 25289 | Snake:2  | Noticed Petocuer's ghost (adept OgFi)
 25446 | Snake:3  | Reached skill level 9 in Crossbows
 25689 | Snake:3  | Found Captallaska's Antique Armour Boutique.
 25727 | Snake:3  | Bought a shiny plate armour for 728 gold pieces
 25844 | Snake:3  | Got a steaming scale mail
 25855 | Snake:3  | Identified the +1 scale mail of Wisdom {rN+ Regen+ Dex-3}
                  | (You found it on level 3 of the Snake Pit)
 25898 | Snake:3  | Received a gift from Okawaru
 25996 | Snake:3  | Reached skill level 10 in Crossbows
 26010 | Snake:3  | Received a gift from Okawaru
 26204 | Snake:4  | Entered Level 4 of the Snake Pit
 26214 | Snake:4  | Received a gift from Okawaru
 26226 | Snake:4  | Reached skill level 18 in Fighting
 26295 | Snake:4  | Reached XP level 17. HP: 119/119 MP: 24/24
 26299 | Snake:4  | Received a gift from Okawaru
 26407 | Snake:4  | Received a gift from Okawaru
 26454 | Snake:4  | Reached skill level 11 in Crossbows
 26460 | Snake:4  | Received a gift from Okawaru
 26633 | Snake:4  | Reached skill level 12 in Crossbows
 26642 | Snake:4  | Reached skill level 19 in Fighting
 26650 | Snake:4  | Received a gift from Okawaru
 26725 | Snake:4  | Got a jewelled helmet {god gift}
 26736 | Snake:4  | Identified the +0 helmet of Polytheism {rC+ MR+ Str-4
                  | Int+6} (Okawaru gifted it to you on level 4 of the Snake
                  | Pit)
 26819 | Snake:4  | Got a serpentine rune of Zot
 27948 | Shoals:1 | Entered Level 1 of the Shoals
 28080 | Shoals:1 | Reached XP level 18. HP: 128/128 MP: 25/25
 28086 | Shoals:1 | Reached skill level 10 in Dodging
 28109 | Shoals:1 | Reached skill level 11 in Armour
 28174 | Shoals:1 | Noticed Josephine
 28186 | Shoals:1 | Killed Josephine
 28186 | Shoals:1 | Received a gift from Okawaru
 29112 | Shoals:2 | Found a runed translucent door.
 29114 | Shoals:2 | Noticed demenzo's ghost (journeyman FeVM)
 29351 | Shoals:2 | Got a pitted hat
 29362 | Shoals:2 | Identified the +0 hat of Xanor {rC+ MR+ Int-3} (You
                  | acquired it on level 2 of the Shoals)
 30038 | Shoals:2 | Killed demenzo's ghost
 30038 | Shoals:2 | Received a gift from Okawaru
 30263 | Shoals:3 | Reached skill level 12 in Armour
 30619 | Shoals:3 | Reached skill level 20 in Fighting
 30953 | Shoals:4 | Entered Level 4 of the Shoals
 31004 | Shoals:4 | Noticed Polyphemus
 31024 | Shoals:4 | Killed Polyphemus
 31045 | Shoals:4 | Reached skill level 11 in Dodging
 31489 | Shoals:4 | Received a gift from Okawaru
 31547 | Shoals:4 | Received a gift from Okawaru
 31731 | Shoals:4 | Reached XP level 19. HP: 124/136 MP: 26/26
 31827 | Shoals:4 | Reached skill level 13 in Armour
 32352 | Shoals:4 | Got a barnacled rune of Zot
 32813 | Vaults:1 | Entered Level 1 of the Vaults
 33093 | Vaults:1 | Received a gift from Okawaru
 33111 | Vaults:1 | Reached skill level 12 in Dodging
 33126 | Vaults:1 | Received a gift from Okawaru
 33195 | Vaults:1 | Reached skill level 14 in Armour
 33220 | Vaults:1 | Reached skill level 21 in Fighting
 33243 | Vaults:1 | HP: 33/137 [orc knight/+2 long sword of holy wrath (5)]
 33321 | Vaults:1 | Received a gift from Okawaru
 33360 | Vaults:1 | Received a gift from Okawaru
 33380 | Vaults:1 | Identified the +1 crystal plate armour "Ekouciorph" {rPois
                  | Int+3 SInv} (Okawaru gifted it to you on level 1 of the
                  | Vaults)
 34085 | Vaults:1 | Reached XP level 20. HP: 140/144 MP: 27/27
 34837 | Vaults:2 | Received a gift from Okawaru
 34855 | Vaults:2 | Reached skill level 15 in Armour
 34912 | Vaults:2 | Identified the +5 lajatang "Delevvue" {pain, *Noise rPois
                  | MR+} (Okawaru gifted it to you on level 2 of the Vaults)
 34953 | Vaults:2 | Identified the +1 robe "Ziarelitsa" {rCorr}
 34963 | Vaults:2 | Reached skill level 13 in Dodging
 35119 | Vaults:2 | Received a gift from Okawaru
 35226 | Vaults:2 | Noticed Asterion
 35234 | Vaults:2 | Killed Asterion
 35236 | Vaults:2 | Noticed Mennas
 35252 | Vaults:2 | Killed Mennas
 35252 | Vaults:2 | Received a gift from Okawaru
 35582 | Vaults:2 | Reached skill level 22 in Fighting
 35883 | Vaults:2 | Noticed Saint Roka
 35919 | Vaults:2 | Killed Saint Roka
 35919 | Vaults:2 | Reached skill level 16 in Armour
 36079 | Vaults:2 | Found a staircase to the Crypt.
 36079 | Vaults:2 | Found a basalt altar of Yredelemnul.
 36080 | Vaults:2 | Found an ancient bone altar of Kikubaaqudgha.
 36200 | Vaults:2 | Reached XP level 21. HP: 151/151 MP: 28/28
 36361 | Vaults:3 | Received a gift from Okawaru
 36470 | Vaults:3 | Received a gift from Okawaru
 36727 | Vaults:3 | Found Opureyfoe's Assorted Antiques.
 36834 | Vaults:3 | Reached skill level 14 in Dodging
 36948 | Vaults:3 | Received a gift from Okawaru
 37406 | Vaults:3 | Received a gift from Okawaru
 37767 | Vaults:4 | Reached skill level 17 in Armour
 37792 | Vaults:4 | Received a gift from Okawaru
 37884 | Vaults:4 | Received a gift from Okawaru
 38374 | Vaults:4 | Reached XP level 22. HP: 158/158 MP: 29/29
 38550 | Vaults:4 | Noticed Sojobo
 38579 | Vaults:4 | Killed Sojobo
 38579 | Vaults:4 | Reached skill level 23 in Fighting
 38901 | Vaults:4 | Received a gift from Okawaru
 39405 | Vaults:4 | Reached skill level 15 in Dodging
 39577 | Vaults:5 | Entered Level 5 of the Vaults
 39631 | Vaults:5 | Received a gift from Okawaru
 39631 | Vaults:5 | Reached skill level 18 in Armour
 39915 | Vaults:4 | Received a gift from Okawaru
 40218 | Vaults:5 | Reached XP level 23. HP: 166/166 MP: 30/30
 40380 | Vaults:5 | Received a gift from Okawaru
 40392 | Vaults:5 | Identified the +10 plate armour of Totio {rElec rF+ Str+2}
                  | (Okawaru gifted it to you on level 5 of the Vaults)
 40450 | Vaults:5 | Reached skill level 19 in Armour
 40518 | Vaults:5 | Reached skill level 24 in Fighting
 40654 | Vaults:5 | Reached skill level 16 in Dodging
 40834 | Vaults:5 | Identified the +2 plate armour "Lybru" {rF+++ Str+3 Int-5
                  | Dex-3} (You found it on level 5 of the Vaults)
 40888 | Vaults:5 | Received a gift from Okawaru
 41302 | Vaults:5 | Identified the +1 long sword of Goheohul {holy, rC++ MR-
                  | Dex+4}
 41353 | Vaults:5 | Got a silver rune of Zot
 41566 | Vaults:5 | Received a gift from Okawaru
 41567 | Vaults:5 | Found the +15 Maxwell's patent armour {-Cast -Tele rElec
                  | MR+ rCorr}
 41750 | Vaults:4 | Got a thick robe {god gift}
 41933 | D:15     | Entered Level 15 of the Dungeon
 42021 | D:15     | Found a staircase to the Depths.
 42378 | D:15     | Noticed Joseph
 42385 | D:15     | Killed Joseph
 42451 | D:15     | Learned a level 2 spell: Blink
 42708 | Depths:1 | Entered Level 1 of the Depths
 42712 | Depths:1 | Reached skill level 1 in Spellcasting
 42712 | Depths:1 | Reached skill level 1 in Translocations
 42747 | Depths:1 | Reached skill level 2 in Translocations
 42753 | Depths:1 | Reached skill level 2 in Spellcasting
 42839 | Depths:1 | Reached skill level 3 in Spellcasting
 42839 | Depths:1 | Reached skill level 3 in Translocations
 42855 | Depths:1 | Reached XP level 24. HP: 174/174 MP: 30/30
 42964 | Depths:1 | Reached skill level 4 in Spellcasting
 42964 | Depths:1 | Reached skill level 4 in Translocations
 43066 | Depths:1 | Reached skill level 5 in Translocations
 43070 | Depths:1 | Reached skill level 5 in Spellcasting
 43234 | Depths:1 | Found a gateway to Hell.
 43465 | Depths:1 | Received a gift from Okawaru
 43721 | Depths:1 | Reached skill level 6 in Spellcasting
 43721 | Depths:1 | Reached skill level 6 in Translocations
 43729 | Depths:1 | Received a gift from Okawaru
 43883 | Depths:1 | Found Juucvudu's Jewellery Emporium.
 43884 | Depths:1 | Found Waixt's Gadget Shop.
 43884 | Depths:1 | Found Jet Bapn's Gadget Shop.
 43892 | Depths:1 | Bought an uncursed amulet of regeneration for 390 gold
                  | pieces
 43897 | Depths:1 | Bought the ring "Umieghoani" {rCorr Str+4 Dex+3 SInv} for
                  | 596 gold pieces
 43987 | Depths:2 | Received a gift from Okawaru
 44130 | Depths:2 | Reached skill level 7 in Translocations
 44139 | Depths:2 | Reached skill level 7 in Spellcasting
 45253 | D:8      | Bought a scroll of enchant weapon for 112 gold pieces
 45311 | D:7      | Killed CHODE's ghost
 45311 | D:7      | Reached skill level 8 in Spellcasting
 45311 | D:7      | Reached skill level 8 in Translocations
 45783 | Depths:2 | Received a gift from Okawaru
 45813 | Depths:2 | Received a gift from Okawaru
 46164 | Depths:2 | Reached skill level 13 in Crossbows
 46587 | Depths:3 | Found a one-way gate leading to the halls of Pandemonium.
 47004 | Depths:3 | Received a gift from Okawaru
 47412 | Depths:3 | Reached skill level 20 in Armour
 47412 | Depths:3 | Reached XP level 25. HP: 170/180 MP: 35/35
 48124 | Depths:4 | Found a magical portal.
 48133 | WizLab   | Entered Doroklohe's Tomb
 48349 | WizLab   | Noticed an ancient lich
 48356 | WizLab   | Killed an ancient lich
 48465 | Depths:4 | Found a gateway to a ziggurat.
 48662 | Depths:4 | Received a gift from Okawaru
 48732 | Depths:4 | Reached skill level 25 in Fighting
 48850 | Depths:4 | Reached skill level 14 in Crossbows
 49374 | Depths:4 | Found a one-way gate to the infinite horrors of the Abyss.
 49510 | Depths:4 | Received a gift from Okawaru
 49649 | Depths:5 | Entered Level 5 of the Depths
 49649 | Depths:5 | Found a portal to a secret trove of treasure.
 50081 | D:10     | Bought 2 scrolls of enchant armour for 180 gold pieces
 50081 | D:10     | Bought a scroll of enchant armour for 90 gold pieces
 50081 | D:10     | Bought a scroll of blinking for 90 gold pieces
 50254 | Depths:5 | You paid a toll of 6 scrolls of blinking to enter a
                  | treasure trove
 50255 | Trove    | Entered a treasure trove
 50258 | Trove    | Found the +0 pair of fencer's gloves {Riposte Dex+3}
 50258 | Trove    | Found the +3 pair of gauntlets of War {Slay+5}
 50260 | Trove    | Got a pair of bloodstained gloves
 50271 | Trove    | Identified the +1 pair of gloves of Katennogg {rC+ rN+}
                  | (You found it in a treasure trove)
 50273 | Trove    | Got a warped scale mail
 50276 | Trove    | Got a translucent buckler
 50279 | Trove    | Got a warped cloak
 50290 | Trove    | Identified the -5 cloak of Kayt Reg {rPois rN++ Int-4
                  | Stlth+} (You found it in a treasure trove)
 50297 | Trove    | Got a pair of smoking boots
 50308 | Trove    | Identified the +0 pair of boots "Xuiperud" {Int+6} (You
                  | found it in a treasure trove)
 50315 | Trove    | Got a pair of spiked gloves
 50326 | Trove    | Identified the +0 pair of gloves "Ofotot" {+Inv Regen+
                  | Str+3} (You found it in a treasure trove)
 50330 | Trove    | Got a smoking helmet
 50341 | Trove    | Identified the +1 helmet of Immorality {MR+++} (You found
                  | it in a treasure trove)
 50358 | Trove    | Got a faintly humming ring mail
 50361 | Trove    | Got a jasper-encrusted leather armour
 50486 | Depths:5 | Received a gift from Okawaru
 50663 | Depths:5 | Received a gift from Okawaru
 50799 | Depths:5 | Reached skill level 21 in Armour
 51006 | Depths:5 | Reached skill level 15 in Crossbows
 51174 | Depths:5 | Reached XP level 26. HP: 162/188 MP: 35/35
 51316 | Depths:5 | Found a gate to the Realm of Zot.
 51829 | Slime:1  | Entered Level 1 of the Pits of Slime
 52005 | Slime:1  | Gained mutation: You are occasionally teleported next to
                  | monsters. [a shining eye]
 52009 | Lair:6   | Lost mutation: You are occasionally teleported next to
                  | monsters. [potion of mutation]
 52009 | Lair:6   | Gained mutation: You expend magic power (3 MP) to
                  | strengthen your wands. [potion of mutation]
 52009 | Lair:6   | Gained mutation: Your spells are a little harder to cast,
                  | but a little more powerful. [potion of mutation]
 52374 | Zot:1    | Entered Level 1 of the Realm of Zot
 52686 | Zot:1    | Received a gift from Okawaru
 52707 | Zot:1    | HP: 44/189 [white draconian monk (7)]
 52716 | Zot:1    | HP: 33/189 [white draconian monk (10)]
 52728 | Zot:1    | HP: 38/189 [white draconian monk (12)]
 52733 | Zot:1    | HP: 10/189 [white draconian knight/+3 battleaxe of chopping
                  | (13)]
 52741 | Zot:1    | HP: 22/189 [black draconian monk (6)]
 52748 | Zot:1    | HP: 15/189 [yellow draconian monk (2)]
 52754 | Zot:1    | HP: 6/189 [red draconian] (7)]
 52755 | Zot:1    | Killed from afar by a white draconian knight

Vault maps used:
D:1:      nicolae_arrival_washed_ashore
D:2:      lemuel_round_altar, first_ration, chequers_ecumenical_altar_simple,
          uniq_natasha
D:3:      lemuel_crystal_altar, lemuel_crystal_altar,
          nicolae_qazlal_general_emergency, uniq_terence
D:4:      lemuel_round_altar, minmay_temple_entry_gardened_gates,
          portal_sewer_entry_a
D:5:      cheibrodos_helix_gallery, fedhas_altar_1, nemelex_altar_shiori,
          serial_shops, nicolae_shop_stone, trog_wizard
D:6:      lemuel_doored_altar, doesnt_xom_only_xom, okawaru_altar_gauntlet_db
D:7:      lemuel_round_altar, gammafunk_ghost_wrathful_warriors
D:8:      old_standard_altar, lemuel_coloured_pillars_altar, serial_shops, shop,
          ploomutoo_gammafunk_ghost_potion_laboratory
D:9:      elyvilon_altar_5, old_standard_altar, hangedman_fish_farm
D:10:     due_lair_maze_entry_diamond, serial_shops, shop, kennysheep_mini_moat,
          shop, lemuel_oklob_altar, uniq_grum, uniq_maurice
D:11:     serial_co_window_serial, co_window_of_opportunity_a,
          co_window_corner_a, co_window_corner_a, co_window_paths_b,
          co_window_corner_a, co_window_2corner, co_window_unsneaky_path_e,
          co_window_broadway_b, co_window_4corner_a, co_window_paths_d,
          glass_columns_a, glass_columns_a, uniq_erica, uniq_harold
D:12:     david_orc_2, kennysheep_generic_room_4
D:13:     serial_shops, bzr_in_the_mist
D:14:     david_vaults_4
D:15:     gammafunk_depths_entry_grave, minmay_misc_feat_rugged,
          minmay_sticks_and_stones
Temple:   chequers_temple_sunken
Lair:1:   grunt_megastairs_2, lemuel_fruit_tree
Lair:2:   uniq_fannar
Lair:4:   minmay_shoals_entry_hut, minmay_snake_entry_guardpost_small,
          nicolae_volcano_entry_two_sided, minmay_lair_oklob_chamber
Lair:5:   gauntlet_entry_generic
Lair:6:   cheibrodos_lair_end_hotspot, slime_altar_1, serial_bayou_shore_a
Shoals:1: uniq_josephine
Shoals:2: ebering_ghost_inner_flame, st_sunken_huts
Shoals:4: shoals_end_simple, uniq_polyphemus
Snake:1:  drop_trap, hangedman_snake_corridor_cut
Snake:2:  gammafunk_ghost_grave, grunt_ministairs_11, nicolae_snake_horde_hoard,
          serial_bayou_shore_b, minmay_shoptagon
Snake:3:  serial_shops, shop, st_stairs_10
Snake:4:  johnstein_snake_rune_scales
Slime:1:  cheibrodos_slime_lost_civilization_10
Orc:1:    basic_altar
Orc:2:    grunt_orc_gardens, grunt_orc_garden, grunt_orc_garden,
          grunt_orc_garden, grunt_orc_garden
Vaults:1: nicolae_vaults_rhombus_7, st_cross, v_misc_4,
          nicolae_vaults_rhombus_6, nicolae_vaults_mini_display_case,
          hangedman_vaults_slice, hangedman_vaults_variations,
          vaults_standard_mumra_lines, nicolae_vaults_little_ls,
          nicolae_vaults_border_crossing, vaults_dpeg_ring
Vaults:2: v_misc_9, nicolae_vaults_alarming, hangedman_vaults_hat,
          grunt_vaults_focal, nicolae_vaults_triangles, grunt_vaults_funnel,
          minmay_crypt_entry_necro_gods, v_pattern_3, st_cells, uniq_asterion,
          uniq_mennas, uniq_saint_roka
Vaults:3: ontoclasm_vaults_fault, ontoclasm_vaults_ring_small, st_squares,
          nicolae_vaults_theta, hangedman_vaults_river_flow,
          vaults_room_ringed_pool, vaults_mumra_minichess, v_pattern_1,
          v_misc_9, hangedman_vaults_slice, serial_shops, shop,
          portal_desolation_entry_twin_temple
Vaults:4: dpeg_vaults_monster_row, vaults_room_corners, nicolae_vaults_asterisk,
          v_misc_28, vaults_dpeg_doors, nicolae_vaults_big_ls,
          vaults_dpeg_spiral, v_rooms_5, nicolae_vaults_asterisk,
          vaults_room_octagon, nicolae_vaults_know_your_exits,
          grunt_vaults_twisty, vaults_room_stairs_pillars, uniq_sojobo
Depths:1: special_room, minmay_crystal_room, hell_entry, st_stairs_6,
          kennysheep_potato, grunt_megastairs_3, minmay_shop_grove
Depths:2: kennysheep_bubble_arena, grunt_hell_entry_dis_old, minmay_door_square,
          kennysheep_diamond, minmay_misc_feat_five,
          serial_sigils_hangedman_clutch
Depths:3: wad_mega_maze, hell_entry, minmay_crystal_water,
          rand_demon_pan_entry_3, fake_guardian_serpent_vault,
          infiniplex_staircase_pillars_1
Depths:4: minmay_box_of_statues, enter_ziggurat_f, mu_enter_wizlab_3,
          pf_dread_powers_of_hell, minmay_misc_feat_iff,
          hangedman_abyss_entry_splay
Depths:5: grunt_zot_entry_gee_three, hell_entry, enter_trove_2,
          kennysheep_doodads
Bazaar:   bazaar_kb_twisted_cavern
Trove:    trove_armour_2
Sewer:    sewer_kobolds
Volcano:  volcano_pools
WizLab:   wizlab_doroklohe
Gauntlet: minmay_gauntlet_77_tree

Skill      XL: |  1  2  3  4  5  6  7  8  9 10 11 12 13 14 15 16 17 18 19 20 21 22 23 24 25 |
---------------+----------------------------------------------------------------------------+-----
Fighting       | 3 4 5 6 7 9 10 11 13 14 16 18 19 20 21 22 23 24 25 | 25.9
Staves         | 4 5 6 8 10 11 13 14 | 14.6
Dodging        | 3 4 5 7 9 11 12 13 14 15 16 | 16.4
Invocations    | 1 4 6 8 10 | 10.1
Armour         | 2 7 10 12 14 16 17 18 19 20 21 | 21.7
Crossbows      | 6 10 12 13 15 | 15.8
Spellcasting   | 3 8 |  8.0
Translocations | 3 8 |  8.1
Throwing       | |  1.8

Action                   |  1- 3 |  4- 6 |  7- 9 | 10-12 | 13-15 | 16-18 | 19-21 | 22-24 | 25-27 || total
-------------------------+-------+-------+-------+-------+-------+-------+-------+-------+-------++-------
Melee: Quarterstaff      |    97 |   265 |   411 |   482 |   565 |       |       |    75 |       ||  1895
       Lajatang          |       |       |       |       |   732 |  1537 |  1792 |  1746 |   770 ||  6577
 Fire: Arbalest          |       |       |       |       |       |       |       |    53 |    53 ||   106
Throw: Javelin           |     4 |    16 |    63 |       |   200 |     4 |       |       |       ||   287
Invok: Heroism           |       |       |       |     6 |    15 |    28 |    28 |    20 |    11 ||   108
       Finesse           |       |       |       |       |     3 |     5 |     6 |     3 |     1 ||    18
 Abil: Fly               |       |       |       |       |     1 |       |       |       |       ||     1
Evoke: Phial of floods   |       |       |       |     1 |       |       |       |       |       ||     1
       Wand              |       |       |       |       |     2 |       |       |     5 |     2 ||     9
  Use: Scroll            |       |     7 |    10 |     7 |    15 |     9 |     6 |    17 |     9 ||    80
       Potion            |       |       |       |       |     2 |       |     2 |     3 |     3 ||    10
 Stab: Petrified         |       |       |       |       |       |     2 |       |       |       ||     2
       Distracted        |       |       |       |       |       |       |       |     1 |       ||     1
  Eat: Chunk             |     1 |     5 |    11 |    11 |    19 |    19 |    19 |    22 |     8 ||   115
       Ration            |       |     1 |     1 |     2 |     8 |     2 |     1 |     4 |     2 ||    21
Armor: Leather armour    |    35 |    12 |       |       |       |       |       |       |       ||    47
       Scale mail        |       |   141 |       |       |       |       |       |       |       ||   141
       Chain mail        |       |    20 |   274 |   346 |   734 |   273 |       |       |       ||  1647
       Plate armour      |       |       |       |       |       |  1006 |  1370 |  1767 |    80 ||  4223
       Gold dragon scale |       |       |       |       |       |       |       |       |   808 ||   808
Dodge: Dodged            |    70 |   226 |   177 |   225 |   780 |  1232 |  1524 |  1995 |   791 ||  7020
       Deflected         |       |       |       |       |    43 |   143 |    80 |    59 |    30 ||   355

Table legend:
 A = Non-vault XP
 B = Vault XP
 C = Vault XP percentage of total XP
 D = Non-vault monster count
 E = Vault monster count
 F = Vault count percentage of total count
                 A         B        C        D         E       F
            +---------+---------+-------+---------+---------+-------
      Total |  637621 |  545228 |  46.1 |    1324 |     698 |  34.5
            +---------+---------+-------+---------+---------+-------
        D:1 |      63 |       0 |   0.0 |      32 |       0 |   0.0
        D:2 |     132 |      35 |  21.0 |      23 |       1 |   4.2
        D:3 |     116 |      34 |  22.7 |      21 |       2 |   8.7
        D:4 |     698 |      18 |   2.5 |      36 |       4 |  10.0
        D:5 |     505 |      28 |   5.3 |      21 |       2 |   8.7
        D:6 |     203 |      38 |  15.8 |       6 |       6 |  50.0
        D:7 |    1040 |    1594 |  60.5 |      19 |       5 |  20.8
        D:8 |     984 |       0 |   0.0 |      26 |       0 |   0.0
        D:9 |     869 |     675 |  43.7 |      14 |       4 |  22.2
       D:10 |    2127 |    1462 |  40.7 |      17 |       9 |  34.6
       D:11 |    8701 |    1915 |  18.0 |      39 |       2 |   4.9
       D:12 |    6257 |     488 |   7.2 |      41 |       7 |  14.6
       D:13 |    8533 |       0 |   0.0 |      38 |       0 |   0.0
       D:14 |   10054 |    2101 |  17.3 |      32 |       3 |   8.6
       D:15 |   12325 |    4544 |  26.9 |      28 |       9 |  24.3
     Lair:1 |    3164 |       0 |   0.0 |      14 |       0 |   0.0
     Lair:2 |   10138 |     991 |   8.9 |      36 |       1 |   2.7
     Lair:3 |    6813 |       0 |   0.0 |      19 |       0 |   0.0
     Lair:4 |    5475 |    2088 |  27.6 |      25 |       7 |  21.9
     Lair:5 |   13059 |       0 |   0.0 |      37 |       0 |   0.0
     Lair:6 |    5433 |    8040 |  59.7 |      22 |      26 |  54.2
   Shoals:1 |   16322 |    2200 |  11.9 |      32 |       6 |  15.8
   Shoals:2 |    5676 |    7818 |  57.9 |      12 |      11 |  47.8
   Shoals:3 |   13079 |       0 |   0.0 |      24 |       0 |   0.0
   Shoals:4 |   17278 |   28730 |  62.4 |      36 |      42 |  53.8
    Snake:1 |    7669 |    4616 |  37.6 |      19 |      15 |  44.1
    Snake:2 |    7103 |    9525 |  57.3 |      13 |      26 |  66.7
    Snake:3 |   20253 |    2017 |   9.1 |      44 |       3 |   6.4
    Snake:4 |   18120 |   44609 |  71.1 |      31 |      71 |  69.6
    Slime:1 |   17251 |       0 |   0.0 |      17 |       0 |   0.0
      Orc:1 |     925 |    1060 |  53.4 |      23 |       4 |  14.8
      Orc:2 |    3351 |    9298 |  73.5 |      20 |      23 |  53.5
   Vaults:1 |   55177 |   22061 |  28.6 |      93 |      40 |  30.1
   Vaults:2 |   30746 |   51666 |  62.7 |      42 |      55 |  56.7
   Vaults:3 |   35155 |   31493 |  47.3 |      48 |      45 |  48.4
   Vaults:4 |   31551 |   57644 |  64.6 |      56 |      51 |  47.7
   Vaults:5 |   29465 |  117461 |  79.9 |      42 |      84 |  66.7
   Depths:1 |   37631 |   35246 |  48.4 |      41 |      42 |  50.6
   Depths:2 |   41494 |   14625 |  26.1 |      55 |      10 |  15.4
   Depths:3 |   15885 |    8782 |  35.6 |      16 |      11 |  40.7
   Depths:4 |   48066 |   23292 |  32.6 |      48 |      23 |  32.4
   Depths:5 |   40865 |   29217 |  41.7 |      37 |      17 |  31.5
      Zot:1 |   47870 |       0 |   0.0 |      29 |       0 |   0.0
      Sewer |       0 |     138 | 100.0 |       0 |      11 | 100.0
    Volcano |       0 |    5342 | 100.0 |       0 |       6 | 100.0
     WizLab |       0 |    8312 | 100.0 |       0 |       3 | 100.0
   Gauntlet |       0 |    6025 | 100.0 |       0 |      11 | 100.0
            +---------+---------+-------+---------+---------+-------

Vault maps used:
D:1:      nicolae_arrival_washed_ashore
D:2:      lemuel_round_altar, first_ration, chequers_ecumenical_altar_simple,
          uniq_natasha
D:3:      lemuel_crystal_altar, lemuel_crystal_altar,
          nicolae_qazlal_general_emergency, uniq_terence
D:4:      lemuel_round_altar, minmay_temple_entry_gardened_gates,
          portal_sewer_entry_a
D:5:      cheibrodos_helix_gallery, fedhas_altar_1, nemelex_altar_shiori,
          serial_shops, nicolae_shop_stone, trog_wizard
D:6:      lemuel_doored_altar, doesnt_xom_only_xom, okawaru_altar_gauntlet_db
D:7:      lemuel_round_altar, gammafunk_ghost_wrathful_warriors
D:8:      old_standard_altar, lemuel_coloured_pillars_altar, serial_shops, shop,
          ploomutoo_gammafunk_ghost_potion_laboratory
D:9:      elyvilon_altar_5, old_standard_altar, hangedman_fish_farm
D:10:     due_lair_maze_entry_diamond, serial_shops, shop, kennysheep_mini_moat,
          shop, lemuel_oklob_altar, uniq_grum, uniq_maurice
D:11:     serial_co_window_serial, co_window_of_opportunity_a,
          co_window_corner_a, co_window_corner_a, co_window_paths_b,
          co_window_corner_a, co_window_2corner, co_window_unsneaky_path_e,
          co_window_broadway_b, co_window_4corner_a, co_window_paths_d,
          glass_columns_a, glass_columns_a, uniq_erica, uniq_harold
D:12:     david_orc_2, kennysheep_generic_room_4
D:13:     serial_shops, bzr_in_the_mist
D:14:     david_vaults_4
D:15:     gammafunk_depths_entry_grave, minmay_misc_feat_rugged,
          minmay_sticks_and_stones
Temple:   chequers_temple_sunken
Lair:1:   grunt_megastairs_2, lemuel_fruit_tree
Lair:2:   uniq_fannar
Lair:4:   minmay_shoals_entry_hut, minmay_snake_entry_guardpost_small,
          nicolae_volcano_entry_two_sided, minmay_lair_oklob_chamber
Lair:5:   gauntlet_entry_generic
Lair:6:   cheibrodos_lair_end_hotspot, slime_altar_1, serial_bayou_shore_a
Shoals:1: uniq_josephine
Shoals:2: ebering_ghost_inner_flame, st_sunken_huts
Shoals:4: shoals_end_simple, uniq_polyphemus
Snake:1:  drop_trap, hangedman_snake_corridor_cut
Snake:2:  gammafunk_ghost_grave, grunt_ministairs_11, nicolae_snake_horde_hoard,
          serial_bayou_shore_b, minmay_shoptagon
Snake:3:  serial_shops, shop, st_stairs_10
Snake:4:  johnstein_snake_rune_scales
Slime:1:  cheibrodos_slime_lost_civilization_10
Orc:1:    basic_altar
Orc:2:    grunt_orc_gardens, grunt_orc_garden, grunt_orc_garden,
          grunt_orc_garden, grunt_orc_garden
Vaults:1: nicolae_vaults_rhombus_7, st_cross, v_misc_4,
          nicolae_vaults_rhombus_6, nicolae_vaults_mini_display_case,
          hangedman_vaults_slice, hangedman_vaults_variations,
          vaults_standard_mumra_lines, nicolae_vaults_little_ls,
          nicolae_vaults_border_crossing, vaults_dpeg_ring
Vaults:2: v_misc_9, nicolae_vaults_alarming, hangedman_vaults_hat,
          grunt_vaults_focal, nicolae_vaults_triangles, grunt_vaults_funnel,
          minmay_crypt_entry_necro_gods, v_pattern_3, st_cells, uniq_asterion,
          uniq_mennas, uniq_saint_roka
Vaults:3: ontoclasm_vaults_fault, ontoclasm_vaults_ring_small, st_squares,
          nicolae_vaults_theta, hangedman_vaults_river_flow,
          vaults_room_ringed_pool, vaults_mumra_minichess, v_pattern_1,
          v_misc_9, hangedman_vaults_slice, serial_shops, shop,
          portal_desolation_entry_twin_temple
Vaults:4: dpeg_vaults_monster_row, vaults_room_corners, nicolae_vaults_asterisk,
          v_misc_28, vaults_dpeg_doors, nicolae_vaults_big_ls,
          vaults_dpeg_spiral, v_rooms_5, nicolae_vaults_asterisk,
          vaults_room_octagon, nicolae_vaults_know_your_exits,
          grunt_vaults_twisty, vaults_room_stairs_pillars, uniq_sojobo
Depths:1: special_room, minmay_crystal_room, hell_entry, st_stairs_6,
          kennysheep_potato, grunt_megastairs_3, minmay_shop_grove
Depths:2: kennysheep_bubble_arena, grunt_hell_entry_dis_old, minmay_door_square,
          kennysheep_diamond, minmay_misc_feat_five,
          serial_sigils_hangedman_clutch
Depths:3: wad_mega_maze, hell_entry, minmay_crystal_water,
          rand_demon_pan_entry_3, fake_guardian_serpent_vault,
          infiniplex_staircase_pillars_1
Depths:4: minmay_box_of_statues, enter_ziggurat_f, mu_enter_wizlab_3,
          pf_dread_powers_of_hell, minmay_misc_feat_iff,
          hangedman_abyss_entry_splay
Depths:5: grunt_zot_entry_gee_three, hell_entry, enter_trove_2,
          kennysheep_doodads
Bazaar:   bazaar_kb_twisted_cavern
Trove:    trove_armour_2
Sewer:    sewer_kobolds
Volcano:  volcano_pools
WizLab:   wizlab_doroklohe
Gauntlet: minmay_gauntlet_77_tree

Table legend:
 A = Turns spent in this place as a percentage of turns spent in the entire game.
 B = Non-inter-level travel turns spent in this place as a percentage of non-inter-level travel turns spent in the entire game.
 C = Inter-level travel turns spent in this place as a percentage of turns spent in this place.
 D = Turns resting spent in this place as a percentage of non-inter-level travel turns spent in this place.
 E = Turns spent auto-exploring this place as a percentage of non-inter-level travel turns spent in this place.
 F = Non-inter-level travel turns spent in this place divided by the number of levels of this place that you've seen.
                   A       B       C       D       E      F
               +-------+-------+-------+-------+-------+----------------------
         Total | 100.0 | 100.0 |   9.4 |  15.0 |  52.4 | 955.8
       Dungeon |  27.4 |  26.6 |  12.0 |  12.7 |  61.2 | 847.1
        Temple |   0.4 |   0.4 |   4.5 |   0.0 |  80.0 | 210.0
          Lair |  16.3 |  15.6 |  13.4 |  23.6 |  54.8 | 1239.7
        Shoals |   8.8 |   9.0 |   7.5 |  10.1 |  51.7 | 1078.2
     Snake Pit |   8.1 |   8.5 |   4.7 |  11.2 |  54.6 | 1012.5
    Slime Pits |   0.2 |   0.2 |   0.8 |  21.0 |  17.6 | 119.0
  Orcish Mines |   2.4 |   2.4 |   9.5 |   7.4 |  56.3 | 574.0
        Vaults |  17.9 |  18.2 |   7.6 |  13.1 |  43.0 | 1744.0
        Depths |  14.2 |  14.2 |   9.1 |  15.1 |  54.2 | 1360.0
           Zot |   0.7 |   0.8 |   0.3 |  11.3 |  26.3 | 380.0
        Bazaar |   0.1 |   0.2 |   0.0 |   0.0 |  71.2 |  73.0
         Trove |   0.3 |   0.3 |   0.0 |   0.0 |   1.4 | 141.0
         Sewer |   0.9 |   0.9 |   0.0 |  48.2 |  18.6 | 452.0
       Volcano |   0.3 |   0.3 |   0.0 |   0.0 |  37.7 | 167.0
        Wizlab |   0.5 |   0.5 |   0.0 |   0.0 |  64.4 | 261.0
      Gauntlet |   1.5 |   1.7 |   0.0 |  46.6 |   0.0 | 813.0
               +-------+-------+-------+-------+-------+----------------------

Table legend:
 A = Kills in this place as a percentage of kills in entire the game.
 B = Kills by you in this place as a percentage of kills by you in the entire game.
 C = Kills by friends in this place as a percentage of kills by friends in the entire game.
 D = Other kills in this place as a percentage of other kills in the entire game.
 E = Experience gained in this place as a percentage of experience gained in the entire game.
 F = Experience gained in this place divided by the number of levels of this place that you have seen.
                   A       B       C       D       E      F
               +-------+-------+-------+-------+-------+----------------------
         Total | 100.0 | 100.0 | 100.0 | 100.0 | 100.0 | 23657.0
       Dungeon |  22.1 |  22.2 |  50.0 |   0.0 |   5.5 | 4369.3
          Lair |   9.2 |   9.2 |  50.0 |   0.0 |   4.7 | 9200.2
        Shoals |   8.1 |   8.0 |   0.0 |  28.6 |   7.7 | 22775.8
     Snake Pit |  11.0 |  11.0 |   0.0 |   0.0 |   9.6 | 28478.0
    Slime Pits |   0.8 |   0.8 |   0.0 |   0.0 |   1.5 | 17251.0
  Orcish Mines |   3.5 |   3.5 |   0.0 |   0.0 |   1.2 | 7317.0
        Vaults |  27.5 |  27.4 |   0.0 |  71.4 |  39.1 | 92483.8
        Depths |  14.8 |  14.9 |   0.0 |   0.0 |  24.9 | 59020.6
           Zot |   1.4 |   1.4 |   0.0 |   0.0 |   4.0 | 47870.0
         Sewer |   0.5 |   0.5 |   0.0 |   0.0 |   0.0 | 138.0
       Volcano |   0.3 |   0.3 |   0.0 |   0.0 |   0.5 | 5342.0
        Wizlab |   0.1 |   0.1 |   0.0 |   0.0 |   0.7 | 8312.0
      Gauntlet |   0.5 |   0.5 |   0.0 |   0.0 |   0.5 | 6025.0
               +-------+-------+-------+-------+-------+----------------------
